Map: Infestation

Players

Duncan - Winner!

  • Race: Protoss Protoss
  • Spawn Location: 9:00

EdibleDXX - Winner!

  • Race: Terran Terran
  • Spawn Location: 9:00

A.I. 2 (Hard)

  • Race: Protoss Protoss
  • Spawn Location: 3:00

A.I. 3 (Hard)

  • Race: Terran Terran
  • Spawn Location: 3:00

VOD

Have the link to the VOD?

Description

Time

  • Played on: Dec. 22, 2015, 2:58 p.m.
  • Length: 22:29
Show
View Real Time Build Order
Export as new Build Order

Duncan Protoss - Winner!

Build Orders:  

Get SALT Encoding   

  12  0:05  Probe (Chrono Boost)  
  13  0:19  Pylon  
  13  0:40  Gateway  
  13  0:47  Gateway  
  13  0:51  Assimilator  
  13  0:52  Probe (Chrono Boost)  
  14  0:59  Assimilator  
  14  1:14  Pylon  
  14  1:31  Probe (Chrono Boost)  
  15  1:41  Probe (Chrono Boost)  
  16  1:48  Cybernetics Core  
  16  1:52  Probe (Chrono Boost)  
  17  2:02  Probe (Chrono Boost)  
  18  2:13  Probe (Chrono Boost)  
  19  2:27  Gateway  
  19  2:32  Forge  
  19  2:48  Warp Gate (Chrono Boost)  
  19  2:58  Zealot  
  19  3:00  Zealot  
  23  3:05  Protoss Ground Weapons Level 1 (Chrono Boost)  
  23  3:17  Zealot  
  25  3:37  Zealot  
  25  3:39  Zealot  
  29  3:44  Zealot  
  31  3:57  Pylon  
  31  4:23  Mothership Core  
  33  4:57  Protoss Ground Armor Level 1 (Chrono Boost)  
  33  5:02  Stargate  
  33  5:08  Stalker  
  33  5:11  Stalker  
  33  5:13  Stalker  
  39  5:51  Pylon  
  39  5:53  Pylon  
  39  5:56  Pylon  
  35  6:17  Stalker  
  37  6:19  Stalker  
  37  6:22  Stalker  
  41  6:36  Protoss Shields Level 1 (Chrono Boost)  
  41  6:39  Fleet Beacon  
  41  6:42  Robotics Facility  
  41  6:52  Twilight Council  
  39  7:26  Adept  
  39  7:29  Adept  
  43  7:31  Adept  
  45  8:14  Nexus  
  45  8:15  Protoss Ground Weapons Level 2 (Chrono Boost)  
  45  8:24  Zealot  
  53  9:17  Stalker  
  53  9:21  Stalker  
  53  9:24  Stalker  
  43  10:01  Sentry  
  43  10:04  Sentry  
  47  10:07  Sentry  
  47  10:13  Protoss Ground Armor Level 2 (Chrono Boost)  
  49  10:32  Stalker  
  49  10:35  Stalker  
  53  10:37  Stalker  
  55  11:12  Probe  
  56  11:23  Probe  
  56  11:24  Stalker  
  59  11:27  Stalker  
  59  11:29  Stalker  
  63  11:33  Probe  
  64  11:44  Probe  
  65  11:54  Probe  
  32  14:12  Assimilator  
  32  14:21  Assimilator  
  32  14:38  Robotics Facility  
  32  14:41  Robotics Facility  
  36  15:30  Immortal (Chrono Boost)  
  36  15:32  Immortal (Chrono Boost)  
  40  15:57  Protoss Shields Level 2  
  40  16:06  Immortal (Chrono Boost)  
  40  16:08  Immortal (Chrono Boost)  
  48  16:22  Pylon  
  48  16:25  Pylon  
  48  16:27  Pylon  
  52  16:40  Immortal (Chrono Boost)  
  52  16:43  Immortal (Chrono Boost)  
  56  16:57  Stalker  
  56  16:59  Stalker  
  60  17:02  Stalker  
  62  17:15  Immortal (Chrono Boost)  
  66  17:17  Immortal (Chrono Boost)  
  70  17:24  Nexus  
  70  17:49  Immortal (Chrono Boost)  
  70  17:51  Immortal (Chrono Boost)  
  78  18:17  Graviton Catapult  
  78  18:21  Protoss Ground Weapons Level 3  
  78  18:23  Immortal (Chrono Boost)  
  78  18:25  Immortal (Chrono Boost)  
  86  18:57  Immortal (Chrono Boost)  
  86  18:59  Immortal (Chrono Boost)  
  94  19:16  Assimilator  
  94  19:18  Probe  
  94  19:21  Assimilator  
  95  19:29  Probe  
  96  19:33  Immortal (Chrono Boost)  
  96  19:34  Immortal (Chrono Boost)  
  104  19:39  Probe  
  105  19:50  Probe  
  106  20:00  Probe  
Show
View Real Time Build Order
Export as new Build Order

EdibleDXX Terran - Winner!

Build Orders:  

Get SALT Encoding   

  12  0:03  SCV  
  13  0:16  SCV  
  13  0:20  Supply Depot  
  14  0:28  SCV  
  15  0:44  Barracks  
  15  0:46  SCV  
  16  0:54  Refinery  
  16  0:58  SCV  
  16  1:02  Refinery  
  17  1:10  Supply Depot, SCV  
  18  1:22  SCV  
  19  1:32  Engineering Bay  
  19  1:33  Supply Depot  
  19  1:39  Orbital Command  
  19  1:47  Marine  
  20  2:05  Marine  
  21  2:14  Missile Turret  
  21  2:18  SCV  
  22  2:28  Barracks Tech Lab  
  22  2:30  SCV  
  23  2:40  Factory  
  23  2:52  Sensor Tower  
  23  2:55  Marine  
  24  3:03  Supply Depot  
  24  3:13  Marine  
  25  3:31  Marine  
  25  3:32  Terran Infantry Armor Level 1  
  25  3:34  Starport  
  26  3:35  Command Center  
  26  3:44  Armory  
  26  3:49  Marine  
  26  3:50  SCV  
  28  4:03  SCV  
  28  4:04  Factory Tech Lab  
  28  4:06  Marine  
  30  4:15  SCV  
  31  4:26  Siege Tank  
  31  4:27  SCV  
  35  4:39  SCV  
  36  4:48  Starport  
  36  4:49  Orbital Command  
  36  4:51  SCV  
  37  4:53  Refinery  
  37  4:59  Refinery  
  37  5:03  SCV  
  38  5:12  Starport Tech Lab  
  38  5:15  SCV  
  38  5:20  Fusion Core  
  39  5:26  Terran Infantry Weapons Level 1, Starport Tech Lab  
  39  5:28  SCV  
  40  5:36  Siege Tank  
  40  5:38  Marine  
  40  5:40  SCV  
  45  5:52  SCV  
  45  5:55  Marine  
  44  6:13  Marine  
  45  6:24  Battlecruiser  
  51  6:31  Marine  
  52  6:49  Marine  
  53  6:57  Siege Tank  
  56  7:01  Supply Depot  
  56  7:06  Medivac  
  50  7:24  Bunker  
  50  7:25  Supply Depot, Neosteel Frame  
  50  7:28  Combat Shields  
  50  7:29  Siege Tank  
  53  7:34  Weapon Refit  
  53  7:46  Terran Ship Weapons Level 1  
  53  7:49  Supply Depot  
  53  8:01  Siege Tank  
  56  8:14  Supply Depot  
  56  8:23  Armory  
  56  8:31  Behemoth Reactor  
  62  8:34  Battlecruiser  
  62  8:40  Supply Depot  
  62  8:42  Marine  
  63  8:52  Siege Tank  
  66  9:00  Marine  
  66  9:02  Supply Depot  
  67  9:07  Barracks  
  67  9:18  Marine  
  67  9:23  Terran Vehicle Weapons Level 1  
  68  9:36  Marine  
  69  9:40  Terran Vehicle And Ship Armor Level 1  
  69  9:53  Marine  
  70  10:01  Barracks Reactor  
  70  10:11  Battlecruiser x2, Marine  
  83  10:29  Marine  
  84  10:38  Marine x2  
  86  10:47  Marine  
  87  10:56  Marine x2  
  89  11:05  Marine  
  90  11:14  Marine x2  
  90  11:15  Raven, Medivac  
  90  11:17  Terran Infantry Weapons Level 2  
  96  11:20  Command Center, High Capacity Fuel Tanks  
  96  11:22  Marine  
  97  11:31  Marine  
  97  11:32  Marine  
  99  11:35  Terran Ship Weapons Level 2  
  99  11:40  Marine  
  99  11:41  Terran Vehicle And Ship Armor Level 2  
  99  11:45  Medivac  
  102  11:51  SCV x2  
  104  12:03  SCV x2  
  104  12:06  Siege Tank  
  109  12:08  Refinery  
  109  12:15  SCV x2  
  111  12:26  Refinery  
  111  12:27  SCV  
  112  12:38  Siege Tank  
  112  12:42  Supply Depot  
  115  13:01  Battlecruiser x2  
  127  13:07  Missile Turret  
  127  13:08  Orbital Command  
  127  13:46  Terran Infantry Weapons Level 3  
  127  13:48  Corvid Reactor  
  127  13:51  Terran Vehicle Weapons Level 2  
  127  13:52  Stimpack  
  127  13:59  Marine x3  
  130  14:05  Siege Tank  
  130  14:17  Marine x3  
  133  14:35  Marine x3  
  133  14:37  Siege Tank  
  139  14:52  Marine  
  139  14:53  Marine x2  
  142  15:09  Siege Tank  
  142  15:11  Marine  
  117  15:41  Siege Tank  
  117  16:02  Marine  
  117  16:03  Marine x2  
  120  16:13  Siege Tank  
  123  16:20  Marine x3  
  126  16:38  Marine x3  
  129  16:50  Battlecruiser  
  129  16:51  Battlecruiser  
  129  16:53  Siege Tank  
  144  16:55  Marine  
  144  16:56  Marine x2  
  147  17:14  Marine  
  148  17:27  Siege Tank  
  136  17:55  Battlecruiser x2  
  136  17:56  Marine  
  149  18:05  Marine x2  
  151  18:14  Marine  
  152  18:23  Marine x2  
  154  18:27  Terran Ship Weapons Level 3  
  154  18:28  Terran Vehicle Weapons Level 3  
  154  18:32  Marine  
  154  18:40  Marine x2  
  156  18:49  Marine  
  156  18:58  Marine x2  
  154  19:16  Marine  
  155  19:35  Explosive Shrapnel Shells  
  155  19:37  Concussive Shells  
  158  19:50  Battlecruiser  
  161  21:07  Battlecruiser  
Show
View Real Time Build Order
Export as new Build Order

A.I. 2 (Hard) Protoss 

Build Orders:  

Get SALT Encoding   

  12  0:01  Probe (Chrono Boost)  
  13  0:11  Probe (Chrono Boost)  
  14  0:20  Pylon  
  14  0:22  Probe (Chrono Boost)  
  15  0:38  Probe (Chrono Boost)  
  16  0:47  Assimilator  
  16  0:49  Probe (Chrono Boost)  
  17  0:51  Gateway  
  17  0:59  Probe (Chrono Boost)  
  17  1:00  Pylon  
  18  1:10  Probe (Chrono Boost)  
  19  1:21  Probe (Chrono Boost)  
  20  1:35  Zealot  
  22  1:40  Cybernetics Core  
  22  1:44  Gateway  
  22  1:46  Assimilator  
  22  2:01  Pylon  
  22  2:13  Warp Gate  
  22  2:15  Adept  
  24  2:30  Adept  
  26  2:40  Adept  
  26  2:41  Pylon  
  28  2:57  Zealot  
  30  3:04  Probe (Chrono Boost)  
  31  3:05  Adept  
  33  3:15  Probe (Chrono Boost)  
  33  3:19  Pylon  
  34  3:23  Stalker  
  34  3:27  Probe (Chrono Boost)  
  37  3:30  Adept  
  37  3:34  Forge  
  39  3:39  Probe (Chrono Boost)  
  40  3:50  Adept  
  40  3:51  Probe (Chrono Boost)  
  43  3:56  Adept  
  46  4:03  Probe (Chrono Boost)  
  46  4:51  Protoss Ground Weapons Level 1  
  46  4:53  Stalker  
  46  4:57  Gateway  
  48  5:02  Stalker, Pylon  
  48  5:04  Nexus  
  50  5:15  Sentry  
  52  5:24  Stalker  
  54  5:29  Pylon  
  54  5:36  Robotics Facility  
  54  5:37  Stalker  
  56  5:46  Stalker  
  58  5:54  Stalker  
  60  5:57  Twilight Council  
  60  6:03  Sentry  
  42  6:12  Zealot  
  45  6:18  Probe (Chrono Boost)  
  45  6:20  Adept  
  45  6:21  Probe (Chrono Boost)  
  45  6:22  Observer  
  49  6:26  Blink  
  49  6:30  Probe (Chrono Boost)  
  51  6:33  Probe (Chrono Boost)  
  51  6:37  Protoss Ground Armor Level 1  
  51  6:39  Zealot  
  53  6:40  Probe (Chrono Boost)  
  53  6:44  Probe (Chrono Boost)  
  55  6:49  Stalker  
  55  6:52  Probe (Chrono Boost)  
  58  6:56  Probe (Chrono Boost)  
  58  6:58  Adept  
  58  6:59  Observer  
  62  7:04  Probe (Chrono Boost)  
  62  7:08  Probe (Chrono Boost)  
  64  7:11  Photon Cannon  
  65  7:16  Probe (Chrono Boost)  
  65  7:18  Probe (Chrono Boost)  
  65  7:19  Photon Cannon  
  66  7:25  Pylon  
  66  7:27  Probe (Chrono Boost)  
  66  7:28  Pylon  
  68  7:30  Probe (Chrono Boost)  
  68  7:38  Stargate  
  68  7:39  Probe (Chrono Boost)  
  68  7:40  Probe (Chrono Boost)  
  70  7:47  Forge  
  70  7:50  Probe (Chrono Boost)  
  72  7:51  Photon Cannon  
  72  7:52  Probe (Chrono Boost)  
  72  7:59  Photon Cannon  
  72  8:01  Probe (Chrono Boost)  
  73  8:16  Assimilator  
  73  8:21  Assimilator  
  73  8:43  Probe (Chrono Boost)  
  73  8:48  Warp Prism  
  76  8:57  Gateway  
  76  9:01  Templar Archives, Nexus  
  76  9:02  Stalker x2  
  76  9:05  Robotics Facility  
  76  9:07  Stargate  
  76  9:19  Warp Prism  
  72  9:34  Zealot, Robotics Bay  
  54  9:47  High Templar  
  54  9:50  Warp Prism  
  58  9:54  Observer  
  58  9:59  Stalker  
  61  10:11  Stalker  
  63  10:14  Probe (Chrono Boost), Observer  
  63  10:16  Probe (Chrono Boost)  
  63  10:17  Probe (Chrono Boost)  
  66  10:21  Assimilator  
  66  10:23  Sentry, Assimilator  
  66  10:25  Probe (Chrono Boost)  
  66  10:27  Probe (Chrono Boost)  
  71  10:29  Probe (Chrono Boost)  
  71  10:36  Probe (Chrono Boost), High Templar  
  71  10:38  Probe (Chrono Boost)  
  71  10:40  Probe (Chrono Boost)  
  71  10:42  Fleet Beacon  
  76  10:44  Colossus  
  76  10:48  Probe (Chrono Boost)  
  76  10:49  Probe (Chrono Boost)  
  84  10:51  Probe (Chrono Boost)  
  85  10:59  Probe (Chrono Boost)  
  85  11:00  Probe (Chrono Boost)  
  85  11:01  Archon  
  85  11:02  High Templar  
  89  11:04  Protoss Ground Weapons Level 2  
  89  11:11  Pylon  
  89  11:14  Pylon, High Templar  
  91  11:20  Carrier  
  91  11:23  Protoss Ground Armor Level 2  
  97  11:35  Photon Cannon  
  97  11:38  Photon Cannon  
  97  11:39  Archon  
  97  11:41  High Templar  
  97  11:42  Photon Cannon  
  99  11:53  High Templar  
  101  12:17  High Templar, Archon  
  103  12:26  Observer Gravitic Boosters  
  103  12:30  High Templar  
  103  12:39  Probe (Chrono Boost)  
  103  12:42  Probe (Chrono Boost)  
  97  12:44  Adept  
  97  12:47  Adept  
  97  12:50  Adept  
  96  12:51  Probe (Chrono Boost)  
  96  12:54  Probe (Chrono Boost)  
  96  12:56  Pylon  
  93  13:01  Adept  
  93  13:03  Stalker, Probe (Chrono Boost)  
  99  13:06  Probe (Chrono Boost)  
  99  13:07  Zealot  
  99  13:08  Nexus  
  99  13:09  Zealot  
  95  13:15  Protoss Shields Level 1  
  95  13:18  Assimilator  
  85  13:20  Adept  
  85  13:23  Probe (Chrono Boost)  
  85  13:24  Pylon  
  85  13:25  Probe (Chrono Boost)  
  85  13:26  Stalker  
  83  13:29  Zealot  
  83  13:32  Stalker  
  83  13:33  Immortal  
  78  13:35  Probe (Chrono Boost)  
  78  13:37  Probe (Chrono Boost)  
  78  13:40  High Templar  
  83  13:46  Probe (Chrono Boost)  
  83  13:48  Sentry  
  85  13:51  Stalker  
  85  13:54  Adept  
  85  13:55  Nexus  
  89  14:08  Observer  
  90  14:11  Sentry  
  90  14:13  Stalker  
  90  14:16  Adept  
  96  14:19  High Templar  
  100  14:24  Probe (Chrono Boost)  
  100  14:25  Probe (Chrono Boost)  
  100  14:26  Probe (Chrono Boost)  
  101  14:33  Stalker  
  101  14:34  Void Ray  
  101  14:35  Probe (Chrono Boost)  
  101  14:36  Probe (Chrono Boost)  
  108  14:38  Probe (Chrono Boost)  
  108  14:39  Assimilator  
  108  14:41  Immortal  
  108  14:46  Probe (Chrono Boost)  
  108  14:47  Probe (Chrono Boost)  
  108  14:49  Probe (Chrono Boost)  
  108  14:52  Assimilator  
  107  14:55  Stalker  
  107  14:58  Probe x2 (Chrono Boost), Zealot  
  58  15:56  Stalker  
  58  16:20  Stalker  
  59  16:32  Probe (Chrono Boost)  
  60  16:44  Stalker, Probe (Chrono Boost)  
  60  16:46  Probe (Chrono Boost)  
  64  16:47  Probe (Chrono Boost)  
  64  16:48  Stalker  
  66  17:55  Probe (Chrono Boost)  
  67  18:04  Probe (Chrono Boost)  
  67  18:15  Probe (Chrono Boost)  
  67  18:18  Probe (Chrono Boost)  
  67  18:19  Probe (Chrono Boost)  
  69  18:40  Probe (Chrono Boost)  
  70  18:49  Probe (Chrono Boost)  
  70  18:52  Disruptor  
  66  18:55  Probe (Chrono Boost)  
  66  18:58  Probe (Chrono Boost)  
  51  19:35  Stalker  
  53  19:43  Probe (Chrono Boost)  
  53  19:45  Probe (Chrono Boost)  
  54  19:55  Probe (Chrono Boost)  
  55  20:01  Probe (Chrono Boost)  
  55  20:07  Probe (Chrono Boost), Zealot  
  57  20:13  Stalker, Probe (Chrono Boost)  
  30  21:09  Probe (Chrono Boost)  
  15  21:20  Probe (Chrono Boost)  
  16  21:30  Probe (Chrono Boost)  
  17  21:41  Probe (Chrono Boost)  
Show
View Real Time Build Order
Export as new Build Order

A.I. 3 (Hard) Terran 

Build Orders: MMM Bio 

Get SALT Encoding   

  12  0:01  SCV  
  13  0:13  SCV  
  14  0:20  Supply Depot  
  14  0:25  SCV  
  15  0:41  SCV  
  16  0:44  Barracks  
  16  0:49  Refinery  
  16  0:53  SCV  
  17  1:06  SCV  
  18  1:18  SCV  
  19  1:21  Supply Depot  
  19  1:30  SCV  
  19  1:31  Marine  
  21  1:43  Barracks, Orbital Command  
  21  1:50  Barracks Tech Lab, Refinery  
  21  2:08  Marine  
  22  2:10  Supply Depot  
  22  2:26  Marine  
  23  2:30  Marine  
  24  2:43  Marine  
  25  2:48  Supply Depot, Marine  
  26  3:01  Marine  
  27  3:06  Marine  
  28  3:17  Supply Depot  
  28  3:19  SCV, Marine  
  30  3:23  Marine  
  31  3:31  Engineering Bay  
  31  3:32  SCV  
  32  3:37  Marauder  
  34  3:41  Marine  
  34  3:44  SCV  
  36  3:56  SCV  
  36  3:58  Marine  
  36  4:01  Marine  
  39  4:08  SCV  
  40  4:17  Marauder  
  42  4:19  Marine  
  42  4:20  SCV  
  44  4:38  Marauder  
  46  4:59  Marauder  
  48  6:28  Barracks Tech Lab  
  48  6:30  Terran Infantry Weapons Level 1, Stimpack  
  48  6:32  Factory  
  48  6:37  Factory  
  48  6:39  Supply Depot  
  48  6:41  Missile Turret  
  48  6:42  Missile Turret  
  48  6:46  Combat Shields  
  48  6:48  Barracks  
  48  7:04  Supply Depot  
  48  7:05  Bunker  
  44  7:11  Marine  
  29  7:16  Factory Tech Lab  
  29  7:19  Marine  
  28  7:29  Marauder  
  30  7:36  Marine  
  31  7:45  Marine  
  31  7:49  Command Center  
  32  7:54  Marauder  
  32  7:55  Sensor Tower  
  34  8:02  Marine  
  34  8:05  Armory  
  35  8:12  Marauder  
  37  8:20  Marine  
  37  8:21  Concussive Shells  
  37  8:25  Terran Infantry Armor Level 1  
  38  8:28  Marine  
  39  8:37  Marine  
  40  8:46  Siege Tank  
  43  8:54  Widow Mine  
  45  9:01  SCV  
  45  9:02  SCV  
  47  9:03  Marine  
  48  9:13  SCV  
  48  9:14  SCV  
  50  9:17  Widow Mine  
  52  9:25  SCV  
  52  9:27  SCV  
  54  9:37  SCV  
  50  9:39  SCV  
  50  9:40  Marine  
  36  9:49  SCV, Marine  
  36  9:51  SCV, Starport  
  30  9:55  Factory Tech Lab, Starport  
  30  9:57  Refinery, Marine  
  30  9:58  Barracks Reactor  
  31  10:01  SCV  
  31  10:03  SCV  
  31  10:07  Marine  
  33  10:13  SCV  
  34  10:15  SCV  
  34  10:16  Marauder  
  26  10:25  SCV, Marauder  
  26  10:27  Starport Tech Lab  
  28  10:30  SCV  
  28  10:32  Starport Tech Lab  
  29  10:37  Marine  
  29  10:38  SCV  
  29  10:42  SCV  
  32  10:44  Marine  
  32  10:46  Raven, Marauder  
  32  10:47  Marine  
  38  10:50  SCV  
  38  10:53  Siege Tank  
  38  10:54  SCV, Marine  
  38  10:55  Widow Mine  
  43  11:01  Marine  
  43  11:02  SCV  
  41  11:23  Command Center  
  40  11:27  SCV  
  40  11:30  SCV  
  42  11:37  Raven  
  44  11:41  Marine  
  44  11:46  Marine  
  46  11:49  Marine  
  46  11:53  Marine  
  42  11:58  SCV  
  39  12:02  Marine  
  40  12:11  Marauder  
  40  12:16  Raven  
  40  12:20  Reaper  
  43  12:26  Medivac  
  46  12:37  SCV  
  46  12:55  Marine  
  46  12:56  Medivac  
  49  12:59  Medivac  
  49  13:00  Marine  
  49  13:04  Marine  
  53  13:09  Marine  
  54  13:14  Marine  
  54  13:18  Marine  
  56  13:22  Marine  
  56  13:25  Raven  
  49  13:27  Marine  
  49  13:32  Marine  
  51  13:35  Marine  
  51  13:40  Marine  
  53  13:45  Marine  
  54  13:50  Marine  
  54  13:53  Marine  
  56  13:57  Marine  
  57  14:03  Marauder  
  57  14:08  Marine  
  60  14:15  Ghost Academy  
  60  14:16  Marauder  
  62  14:25  Marauder  
  62  14:26  Siege Tank  
  62  14:28  Marine  
  62  14:30  Marine  
  69  14:37  Marine  
  70  14:46  Marauder, Marine  
  71  14:54  Ghost  
  72  15:13  Marine  
  53  15:16  Marine  
  53  15:20  SCV, Marine  
  49  15:22  SCV  
  49  15:25  Marine  
  51  15:31  Marine  
  51  15:34  Marine  
  51  15:38  Marine  
  49  15:43  Marauder  
  49  15:48  Marine  
  45  15:52  Marine  
  45  15:54  Viking  
  45  15:56  Marine  
  48  16:04  Marauder  
  48  16:06  Marine  
  48  16:10  Marine  
  52  16:14  Marauder  
  52  16:16  Command Center  
  54  16:25  Ghost  
  54  16:26  Siege Tank  
  54  16:31  Raven  
  61  16:33  Marine  
  61  16:55  SCV  
  61  16:57  Marine  
  61  16:59  Marine  
  64  17:02  Marine  
  64  17:04  Marine  
  65  17:15  Marine  
  66  17:17  Marine  
  66  17:20  Marine  
  66  17:21  SCV  
  66  17:22  Marine  
  70  17:23  Command Center  
  70  17:33  Marine  
  70  17:35  Marine  
  42  17:38  Marine  
  42  17:40  Marauder  
  42  17:42  SCV  
  43  17:50  Marine  
  44  17:53  Marine  
  44  17:55  Marine  
  46  18:01  Marine  
  47  18:08  Marine  
  47  18:11  Marine  
  49  18:14  Marauder  
  49  18:16  Medivac  
  49  18:19  Marauder  
  55  18:20  Medivac  
  55  18:25  SCV  
  57  18:32  Marine  
  55  18:34  Ghost, Marine  
  55  18:35  SCV  
  55  18:38  SCV  
  55  18:41  SCV, Marauder  
  59  18:45  Raven  
  59  18:47  SCV  
  52  18:57  Viking  
  52  19:01  Marine  
  48  19:06  Marine  
  48  19:08  Marine  
  42  19:12  Marine  
  43  19:19  Marine  
  36  19:39  Command Center  
  36  19:41  Marine  
  36  19:45  Marine  
  38  19:49  Marine  
  39  19:56  Viking  
  41  20:04  Viking  
  43  20:18  Hellion  
  45  20:25  Marine  
  32  20:29  Marine  
  32  20:32  Marine  
  19  20:36  Marine  
  19  20:38  SCV  
  2  21:24  SCV  
  2  21:38  SCV  
  3  21:43  Marine  
  3  21:44  SCV x2  
Tags
 
Add a new tag
Caveats
  • Supply blocks, unpowered buildings, or Contaminate may cause inaccurate times.
  • Supply counts are checked every 10 seconds.